 Dungeon Crawl Stone Soup version 0.26-a0-665-gefeb406119 (webtiles) character file.

Game seed: 10469667575567280284

1 Elric the Chiller (level 1, -1/14 HPs)
             Began as a Draconian Ice Elementalist on Oct 13, 2020.
             Slain by an adder (3 damage)
             ... on level 2 of the Dungeon.
             The game lasted 00:00:19 (41 turns).

Elric the Chiller (Draconian Ice Elementalist)        Turns: 41, Time: 00:00:20

Health: -1/14      AC:  4    Str: 10    XL:     1   Next: 16%
Magic:  2/3        EV: 12    Int: 15    God:
Gold:   0          SH:  0    Dex: 11    Spells: 3/4 levels left

rFire    . . .     SeeInvis .   (no weapon)
rCold    . . .     Faith    .   (no shield)
rNeg     . . .     Spirit   .   (armour unavailable)
rPois    .         Reflect  .   (helmet restricted)
rElec    .         Harm     .   (no cloak)
rCorr    .         Rampage  .   (no gloves)
MR       .....                  (no boots)
Stlth    ++........             (no amulet)
HPRegen  0.04/turn              (no ring)
MPRegen  0.08/turn              (no ring)

@: lethally poisoned (-1 -> -7)
A: unfitting armour, cold-blooded, AC +4
a: no special abilities


You were on level 2 of the Dungeon.
You visited 1 branch of the dungeon, and saw 2 of its levels.

You aren't carrying anything.


   Skills:
 + Level 1.8 Dodging
 + Level 1.7 Stealth
 + Level 2.0 Spellcasting
 + Level 4.0 Ice Magic


You had 3 spell levels left.
You knew the following spells:

 Your Spells              Type           Power        Failure   Level
a - Freeze                Ice            ##..         4%          1

Your spell library contained the following spells:

 Spells                   Type           Power        Failure   Level
 Frozen Ramparts          Ice            ##....       13%         3
 Ozocubu's Armour         Ice            ##......     13%         3
 Hailstorm                Conj/Ice       #.......     67%         4
 Summon Ice Beast         Ice/Summ       #.......     67%         4


Dungeon Overview and Level Annotations

Branches:
Dungeon (1/15)

Altars:


Innate Abilities, Weirdness & Mutations

Your plain brown scales are hard. (AC +4)
You cannot fit into any form of body armour.
You are cold-blooded and may be slowed by cold attacks.


Message History

The adder poisons you!
The jackal bites you but does no damage.
The jackal barely misses you. The jackal bites you.
The dart slug launches a dart at you. The slug dart misses you.
The slug dart misses the jackal.
The adder bites you.
You feel sick. The jackal misses you. The jackal bites you.
* * * LOW HITPOINT WARNING * * *
The jackal barely misses you. The adder closely misses you.
The jackal bites you but does no damage.
Unknown command.
The jackal bites you but does no damage. x2
The adder closely misses you. The jackal barely misses you.
The rat bites you but does no damage. The jackal closely misses you. x2
* * * LOW HITPOINT WARNING * * *
You feel sick. The jackal barely misses you. The adder bites you.
* * * LOW HITPOINT WARNING * * *
The jackal bites you but does no damage. x2
The dart slug closely misses you. The rat barely misses you.
The jackal barely misses you. The adder bites you.
You die...

.# .# ..$
#.###...#.#.#
#.........#.#
#.......?...
#####.#........#
#.........#..#.#
#..S.h....#.#..######
#..h@r....#.#..#.....
#..h.w..............†
#.......###.####h...)
#.......# #.# ######
#.......# #.#
######### #w# #.# ..#
.##


You could see an adder, a dart slug, 3 jackals and a rat.

Vanquished Creatures
  A kobold (D:2)
  A rat (D:2)
2 creatures vanquished.

Notes
Turn   | Place    | Note
-------+----------+-------------------------------------------
     0 | D:1      | Elric the Draconian Ice Elementalist began the quest for
                  | the Orb.
     0 | D:1      | Reached XP level 1. HP: 14/14 MP: 3/3
    11 | D:1      | You fall into a shaft and drop 1 floor!
    41 | D:2      | Slain by an adder

Illustrated notes

Levels and vault maps discovered:
D:1:      dpeg_arrival_renting, layout_basic
D:2:      layout_loops_cross, kennysheep_okawaru_gauntlet, serial_bayou_lagoon_a

Action                   || total
-------------------------++-------
 Cast: Freeze            ||     3
Armor: Skin              ||     9
Dodge: Dodged            ||    24

Table legend: (Time is in decaauts)
 A = Elapsed time spent in this place.
 B = Non-inter-level travel time spent in this place.
 C = Inter-level travel time spent in this place.
 D = Time resting spent in this place.
 E = Time spent auto-exploring this place.
 F = Levels seen in this place.
 G = Mean time per level.
                   A        B        C        D        E       F      G
               +--------+--------+--------+--------+--------+-----+--------+
         Total |     40 |     40 |      0 |      0 |      9 |   2 |   20.0 |
       Dungeon |     40 |     40 |      0 |      0 |      9 |   2 |   20.0 |
               +--------+--------+--------+--------+--------+-----+--------+

Top non-repeatable levels by time:
     D:2: 29 daAuts
     D:1: 11 daAuts
